 Dungeon Crawl Stone Soup version 0.25-a0-565-g8875c97ebb (webtiles) character file.

Game seed: 11485443748930938979, levelgen mode: deterministic

22670 Flugslaktarn the Cleaver (level 12, -13/120 HPs)
             Began as a Deep Dwarf Fighter on Feb 26, 2020.
             Was a High Priest of Makhleb.
             Mangled by a phantasmal warrior (22 damage)
             ... led by a death knight
             ... on level 14 of the Dungeon.
             The game lasted 00:07:31 (7302 turns).

Flugslaktarn the Cleaver (Deep Dwarf Fighter)       Turns: 7302, Time: 00:07:32

Health: -13/120    AC: 17    Str: 25    XL:     12   Next: 65%
Magic:  9/9        EV:  7    Int:  9    God:    Makhleb [*****.]
Gold:   552        SH:  0    Dex: 12    Spells: 11/11 levels left

rFire    . . .     SeeInvis .   w - +4 battleaxe (vamp)
rCold    . . .     Gourm    .   (shield currently unavailable)
rNeg     . . .     Faith    .   p - +0 plate armour
rPois    .         Spirit   .   o - +2 helmet
rElec    .         Reflect  .   (no cloak)
rCorr    .         Harm     .   (no gloves)
MR       .....                  B - +0 pair of boots
Stlth    ..........             h - amulet of the acrobat
HPRegen  0.00/turn              (no ring)
MPRegen  0.11/turn              (no ring)

@: vulnerable, non-regenerating, slowed, heavily drained, very slow
A: damage resistance, heal wounds, sense surroundings 2, no regeneration
a: Heal Wounds, Minor Destruction, Lesser Servant of Makhleb, Major Destruction,
Greater Servant of Makhleb, Renounce Religion


You were on level 14 of the Dungeon.
You worshipped Makhleb.
Makhleb was extremely pleased with you.
You were not hungry.

You visited 2 branches of the dungeon, and saw 13 of its levels.
You also visited: Bailey.

You collected 744 gold pieces.
You spent 192 gold pieces at shops.

Inventory:

Hand Weapons
 w - a +4 vampiric battleaxe (weapon)
   (You took it off a vault guard on level 14 of the Dungeon)
 x - a +5 war axe
   (You took it off a wight on level 11 of the Dungeon)
 C - a +1 broad axe of venom
   (You acquired it on level 11 of the Dungeon)
Armour
 o - a +2 helmet (worn)
   (You took it off Robin on level 2 of the Dungeon)
 p - a +0 plate armour (worn)
   (You took it off an orc warrior on level 6 of the Dungeon)
 B - a +0 pair of boots (worn)
   (You found it on level 7 of the Dungeon)
Jewellery
 f - a +2 amulet of reflection
   (You bought it in a shop on level 5 of the Dungeon)
 h - an amulet of the acrobat (around neck)
   (You found it on level 6 of the Dungeon)
 n - a +2 amulet of reflection
   (You found it on level 14 of the Dungeon)
 D - a cursed ring of protection from fire {unknown}
   (You found it on level 11 of the Dungeon)
 E - a +4 ring of slaying {unknown}
   (You found it on level 11 of the Dungeon)
Wands
 j - a wand of acid (4)
   (You found it on level 7 of the Dungeon)
 m - a wand of iceblast (1)
   (You found it on level 3 of the Dungeon)
 y - a wand of paralysis (4)
   (You took it off a kobold on level 11 of the Dungeon)
Scrolls
 i - 2 scrolls of magic mapping
 l - 2 scrolls of immolation
 r - 2 scrolls of identify
 t - 13 scrolls of teleportation
 z - a scroll of blinking
 A - a scroll of enchant armour
Potions
 b - 2 potions of heal wounds
 c - a potion of invisibility
 d - a potion of might
 g - a potion of lignification
 k - 3 potions of curing
 q - a potion of brilliance
 s - 2 potions of stabbing
 u - 2 potions of haste {unknown}
 v - a potion of cancellation {unknown}
Comestibles
 a - 3 chunks of flesh
 e - 13 rations


   Skills:
 * Level 11.1(7.8) Fighting
 * Level 12.7(9.2) Axes
 + Level 9.8(6.6) Armour
   Level 8.9(5.8) Shields
 + Level 10.1(6.8) Invocations


You had 11 spell levels left.
You didn't know any spells.
Your spell library was empty.

Dungeon Overview and Level Annotations

Branches:
Dungeon (11/15)            Temple (1/1) D:4            Lair (0/6) D:9
    Orc (0/2) D:9          Vaults (0/5) D:14         Bailey (visited)

Altars:
Ashenzari
Cheibriados
Dithmenos
Elyvilon
Gozag
Hepliaklqana
Kikubaaqudgha
Makhleb
Nemelex Xobeh
Qazlal
Ru
Sif Muna
Uskayaw
Vehumet
Wu Jian
Xom
Yredelemnul
Zin
The Shining One

Shops:
D:4 =   D:5 *


Innate Abilities, Weirdness & Mutations

You are resistant to damage.
You can heal yourself by infusing magical energy.
You passively map the area around you.
You do not regenerate.


Message History

The phantasmal warrior hits you!
* * * LOW HITPOINT WARNING * * *
Your plate armour prevents you from hitting the phantasmal warrior.
The phantasmal warrior is almost destroyed.
The phantasmal warrior hits you but does no damage.
Your plate armour prevents you from hitting the phantasmal warrior.
The phantasmal warrior is almost destroyed.
The phantasmal warrior hits you!
* * * LOW HITPOINT WARNING * * *
You fail to use your ability.
The phantasmal warrior hits you.
* * * LOW HITPOINT WARNING * * *
You fail to use your ability.
You feel much better. The phantasmal warrior hits you!!
* * * LOW HITPOINT WARNING * * *
The wraith hits you. The wraith drains your vigour!
You feel yourself slow down.
The phantasmal warrior hits you but does no damage.
You fail to use your ability.
The wraith barely misses you. The phantasmal warrior hits you!!
You die...

#.#####.##.## #.# #
#...<.......# ##.## #
*#......##..#####...#### ####
#.#######....)[).∩.......####...
, #.######...#####........ * *
#.# ##.## ######... * , #.# #.#
##...##.# , .#.
###.######....#.(. ** * *# #
##@#......##.....#. *
#WW..........#...#.
#......#.##.####....####
*#.####...##...##.##>..#. , *,
###.#####.##......#. ,** * ,
*,...............##.). , ,, *
.##.#####.##......). ** * ,#.#
#.##..###### ** * #.#####.##..#
#...


You could see a phantasmal warrior and a wraith.

Vanquished Creatures
  Fannar (D:10)
  Josephine (D:11)
  8 vault guards (D:14)
  A two-headed ogre (D:14)
  A tengu warrior (D:14)
  3 skeletal warriors (D:14)
  A deep elf mage (D:14)
  A cyclops (D:14)
  8 ugly things
  An elephant (D:9)
  A centaur skeleton (D:14)
  A troll (D:11)
  A raiju (shapeshifter) (D:14)
  A hippogriff (D:11)
  A meliai zombie (D:8)
  4 wraiths (D:11)
  4 yaks
  A wyvern (D:10)
  2 basilisks (D:9)
  A water moccasin (D:7)
  7 orc warriors
  The ghost of Flugslaktarn the Covered, an amateur DDFi (D:4)
  4 sky beasts
  2 ice beasts
  A necrophage (D:9)
  7 ogres
  6 phantoms
  3 centaurs
  2 big kobolds
  7 bullfrogs
  3 scorpions
  5 killer bees (D:11)
  3 wights (D:11)
  4 howler monkeys
  5 crimson imps
  3 jellies
  2 centaur zombies
  6 hounds
  2 bullfrog zombies
  4 orc priests
  A gnoll shaman (D:5)
  2 bullfrog skeletons
  Terence (D:2)
  3 iguanas
  7 worker ants
  Natasha (thrice) (D:2)
  14 orc wizards
  A hound skeleton (D:7)
  A hound zombie (D:5)
  Robin (D:2)
  A worker ant zombie (D:7)
  20 gnolls
  13 adders
  2 shadow imps
  An adder zombie (D:10)
  2 oozes
  3 worms
  A dart slug (D:3)
  3 leopard geckos
  35 orcs
  3 giant cockroaches
  11 goblins
  12 hobgoblins
  5 jackals
  19 kobolds
  3 quokkas
  7 bats
  4 frilled lizards
  2 leopard gecko skeletons
  5 rats
306 creatures vanquished.

Vanquished Creatures (collateral kills)
  A skeletal warrior (D:14)
1 creature vanquished.

Vanquished Creatures (others)
  An orc wizard (D:6)
1 creature vanquished.

Grand Total: 308 creatures vanquished

Notes
Turn   | Place    | Note
-------+----------+-------------------------------------------
     0 | D:1      | Flugslaktarn the Deep Dwarf Fighter began the quest for the
                  | Orb.
     0 | D:1      | Reached XP level 1. HP: 20/20 MP: 1/1
    35 | D:1      | Reached XP level 2. HP: 27/27 MP: 2/2
   137 | D:1      | You fall into a shaft and drop 1 floor!
   227 | D:2      | Noticed Robin
   241 | D:2      | Reached XP level 3. HP: 20/34 MP: 3/3
   248 | D:2      | Killed Robin
   248 | D:2      | Reached skill level 3 in Axes
   339 | D:2      | Noticed Natasha
   349 | D:2      | Killed Natasha
   349 | D:2      | Reached XP level 4. HP: 34/42 MP: 4/4
   593 | D:2      | Noticed Natasha
   620 | D:2      | Killed Natasha
   651 | D:2      | Noticed Natasha
   652 | D:2      | Noticed Terence
   663 | D:2      | Killed Natasha
   663 | D:2      | Reached XP level 5. HP: 43/50 MP: 4/4
   668 | D:2      | Killed Terence
   724 | D:2      | Reached skill level 4 in Axes
   984 | D:4      | Reached XP level 6. HP: 42/57 MP: 5/5
  1048 | D:4      | Found a runed translucent gate.
  1056 | D:4      | Found a runed translucent gate.
  1057 | D:4      | Found a runed translucent gate.
  1058 | D:4      | Found an opulent altar of Gozag.
  1059 | D:4      | Noticed Flugslaktarn's ghost (amateur DDFi)
  1147 | D:4      | Found a staircase to the Ecumenical Temple.
  1156 | Temple   | Entered the Ecumenical Temple
  1236 | Temple   | Became a worshipper of Makhleb the Destroyer
  1296 | D:4      | Found Noarit's Jewellery Shop.
  1321 | D:4      | Reached skill level 5 in Axes
  1324 | D:4      | Reached skill level 1 in Invocations
  1516 | D:5      | Entered Level 5 of the Dungeon
  1529 | D:5      | Reached XP level 7. HP: 49/66 MP: 5/5
  1584 | D:4      | Killed Flugslaktarn's ghost
  1584 | D:4      | Reached skill level 5 in Fighting
  1673 | D:5      | Reached skill level 5 in Armour
  1700 | D:5      | Found Zykaihao's Assorted Antiques.
  1704 | D:5      | Reached skill level 5 in Shields
  1757 | D:5      | Bought a dented soapstone amulet for 160 gold pieces
  1768 | D:5      | Reached skill level 6 in Axes
  1768 | D:5      | Reached XP level 8. HP: 35/75 MP: 5/5
  1789 | D:5      | Reached * piety under Makhleb
  1801 | D:5      | Bought a scroll labeled ANEGGE ACEPPI for 32 gold pieces
  2463 | D:6      | Reached skill level 7 in Axes
  2664 | D:6      | Reached ** piety under Makhleb
  3062 | D:6      | Found an ancient bone altar of Kikubaaqudgha.
  3063 | D:6      | Found an ornate altar of the Wu Jian Council.
  3157 | D:7      | Gained mutation: You passively map the area around you.
                  | [Deep Dwarf growth]
  3157 | D:7      | Reached XP level 9. HP: 34/85 MP: 5/5
  3846 | D:8      | Reached skill level 5 in Invocations
  3863 | D:8      | Reached skill level 8 in Axes
  4457 | D:9      | Reached *** piety under Makhleb
  4741 | D:9      | Found a staircase to the Orcish Mines.
  4789 | D:9      | Found a staircase to the Lair.
  4789 | D:9      | Noticed an elephant
  4844 | D:9      | Reached XP level 10. HP: 65/96 MP: 7/7
  4848 | D:9      | Killed an elephant
  4848 | D:9      | Reached skill level 9 in Axes
  5208 | D:10     | Entered Level 10 of the Dungeon
  5243 | D:10     | Noticed Fannar
  5271 | D:10     | Killed Fannar
  5589 | D:10     | Reached **** piety under Makhleb
  5764 | D:10     | Reached skill level 10 in Axes
  6002 | D:11     | Noticed a red ugly thing
  6053 | D:11     | Killed a red ugly thing
  6065 | D:11     | Reached XP level 11. HP: 73/106 MP: 8/8
  6235 | D:11     | Noticed a brown ugly thing
  6239 | D:11     | Noticed Josephine
  6250 | D:11     | Killed a brown ugly thing
  6265 | D:11     | Killed Josephine
  6280 | D:11     | Reached ***** piety under Makhleb
  6400 | D:11     | Found a flagged portal.
  6524 | Bailey   | Entered a bailey
  6685 | Bailey   | Found a bloodstained altar of Trog.
  6722 | D:11     | Identified a scroll of acquirement
  6722 | D:11     | Identified the ring "Vuculiw" {+Inv Str+6 Int+3 SInv} (You
                  | acquired it on level 11 of the Dungeon)
  6755 | D:11     | You fall into a shaft and drop 3 floors!
  6760 | D:14     | Found a gate to the Vaults.
  6760 | D:14     | Noticed a vault guard
  6760 | D:14     | Noticed a vault guard
  6760 | D:14     | Noticed a vault guard
  6760 | D:14     | Noticed a vault guard
  6761 | D:14     | Noticed a vault guard
  6761 | D:14     | Noticed a vault guard
  6761 | D:14     | Noticed a vault guard
  6762 | D:14     | Noticed a vault guard
  6784 | D:14     | Killed a vault guard
  6806 | D:14     | Killed a vault guard
  6806 | D:14     | Reached skill level 11 in Axes
  6830 | D:14     | Killed a vault guard
  6850 | D:14     | Killed a vault guard
  6870 | D:14     | Killed a vault guard
  6870 | D:14     | Reached skill level 10 in Fighting
  6877 | D:14     | Killed a vault guard
  6888 | D:14     | Killed a vault guard
  6903 | D:14     | Killed a vault guard
  6903 | D:14     | Reached XP level 12. HP: 47/116 MP: 8/8
  6939 | D:14     | Noticed a tengu warrior
  6955 | D:14     | Killed a tengu warrior
  7111 | D:14     | Reached skill level 12 in Axes
  7197 | D:14     | Noticed a two-headed ogre
  7217 | D:14     | Killed a two-headed ogre
  7230 | D:14     | Reached skill level 10 in Invocations
  7297 | D:14     | HP: 5/120 [phantasmal warrior[a death knight] (11)]
  7298 | D:14     | HP: 2/120 [phantasmal warrior[a death knight] (3)]
  7302 | D:14     | Mangled by a phantasmal warrior

Levels and vault maps discovered:
D:1:      saegor_arrival_simple_b, layout_rooms
D:2:      layout_basic, first_ration, uniq_natasha, uniq_robin, uniq_terence
D:3:      layout_rooms, old_standard_altar
D:4:      layout_basic, minmay_temple_entry_butterflies, ebering_ghost_gozag,
          serial_shops, kennysheep_mini
D:5:      minmay_polygon_palace, layout_loops_corners,
          okawaru_metal_pillars_1_2, serial_shops, shop
D:6:      layout_basic, gammafunk_temple_overflow_pools
D:7:      layout_cave_pools, serial_column_ruins, column_ruins_columns_corner,
          column_ruins_corridor_straight, column_ruins_open_large,
          minmay_stone_trees_medium
D:8:      layout_loops_ring
D:9:      minmay_flawed_box, layout_irregular_city, david_lair_generic,
          orc_0_dummy
D:10:     layout_roguey, uniq_fannar
D:11:     layout_irregular_city, enter_bailey_8, uniq_josephine
D:14:     layout_loops_ring, erik_vaults_2, serial_rivers,
          chequers_serial_rivers_micro_a, chequers_serial_rivers_micro_b,
          chequers_serial_rivers_small_b, chequers_serial_rivers_small_3,
          chequers_serial_rivers_micro_e
Temple:   regret_index_temple_mists

Skill      XL: |  1  2  3  4  5  6  7  8  9 10 11 12 |
---------------+-------------------------------------+-----
Fighting       | 3 4 5 6 7 9 10 11 | 11.1
Axes           | 3 4 5 6 7 8 10 11 12 | 12.7
Armour         | 4 5 6 7 8 9 |  9.8
Shields        | 4 5 6 7 8 |  8.9
Invocations    | 1 2 4 6 7 9 10 | 10.1

Action                   |  1- 3 |  4- 6 |  7- 9 | 10-12 || total
-------------------------+-------+-------+-------+-------++-------
Melee: War axe           |   100 |   218 |   445 |   494 ||  1257
       Unarmed           |       |       |     8 |       ||     8
       Battleaxe         |       |       |       |   109 ||   109
Invok: Lesser Servant of |       |       |       |     1 ||     1
 Abil: Heal Wounds       |     1 |     6 |    22 |    33 ||    62
Evoke: Wand              |       |       |       |     6 ||     6
  Use: Scroll            |       |       |    15 |     4 ||    19
       Potion            |       |       |       |     1 ||     1
 Stab: Confused          |       |       |     1 |       ||     1
       Invisible         |       |       |       |     6 ||     6
  Eat: Chunk             |       |     3 |    11 |    10 ||    24
Armor: Scale mail        |    82 |   118 |    88 |       ||   288
       Plate armour      |       |       |   197 |   316 ||   513
       Chain mail        |       |       |    12 |       ||    12
       Skin              |       |       |     1 |       ||     1
Dodge: Dodged            |    43 |    77 |   134 |   223 ||   477
Block: Kite shield       |    74 |   165 |   305 |   323 ||   867
       Reflection        |       |       |     5 |       ||     5

Table legend:
 A = Non-vault XP
 B = Vault XP
 C = Vault XP percentage of total XP
 D = Non-vault monster count
 E = Vault monster count
 F = Vault count percentage of total count
                 A         B        C        D         E       F
            +---------+---------+-------+---------+---------+-------
      Total |   19572 |   12814 |  39.6 |     261 |      47 |  15.3
            +---------+---------+-------+---------+---------+-------
        D:1 |      35 |       0 |   0.0 |      19 |       0 |   0.0
        D:2 |     132 |     104 |  44.1 |      24 |      12 |  33.3
        D:3 |      82 |       0 |   0.0 |      17 |       0 |   0.0
        D:4 |     370 |     318 |  46.2 |      15 |       4 |  21.1
        D:5 |     756 |       0 |   0.0 |      15 |       0 |   0.0
        D:6 |     829 |       0 |   0.0 |      27 |       0 |   0.0
        D:7 |     669 |       0 |   0.0 |      15 |       0 |   0.0
        D:8 |    1379 |       0 |   0.0 |      26 |       0 |   0.0
        D:9 |     732 |    1270 |  63.4 |      16 |      11 |  40.7
       D:10 |    1817 |     936 |  34.0 |      21 |       1 |   4.5
       D:11 |    3186 |    1858 |  36.8 |      47 |       5 |   9.6
       D:14 |    9585 |    7807 |  44.9 |      19 |       8 |  29.6
     Bailey |       0 |     521 | 100.0 |       0 |       6 | 100.0
            +---------+---------+-------+---------+---------+-------
